 Dungeon Sprint DCSS version 0.26.1-2-gb8aa6d0cf2 (webtiles) character file.

Game seed: 15166156770736944779

2163 Groucho the Imperceptible (level 9, -15/39 HPs)
             Began as a Felid Transmuter on Feb 17, 2021.
             Was an Elder of Makhleb.
             Demolished by a spriggan defender
             ... wielding a +4 demon whip of venom
              (31 damage)
             ... in the Dungeon (Sprint IV: "Fedhas' Mad Dash").
             The game lasted 00:04:02 (2177 turns).

Groucho the Imperceptible (Felid Transmuter)        Turns: 2177, Time: 00:04:02

Health: -15/39     AC:  2    Str:  8    XL:     9   Next: 10%
Magic:  20/20      EV: 22    Int: 14    God:    Makhleb [****..]
Gold:   137        SH:  0    Dex: 18    Spells: 1/12 levels left
                                        Lives:  0   Deaths: 2

rFire    . . .     SeeInvis +     - Unarmed
rCold    . . .     Faith    .   (shield unavailable)
rNeg     . . .     Spirit   .   (armour unavailable)
rPois    .         Reflect  .   (helmet unavailable)
rElec    .         Harm     .   (cloak unavailable)
rCorr    .         Rampage  .   (gloves unavailable)
Will     +....     NoTele   +   (boots unavailable)
Stlth    ++++++++..             a - amulet of invisibility {+Inv}
HPRegen  0.13/turn              (no ring)
MPRegen  0.17/turn              (no ring)

@: lethally poisoned (-15 -> -28), quick
A: very small, no armour, no weapons or thrown items, stealth, claws 1, fangs 3,
see invisible, speed 1, shaggy fur 2, no potion heal 1, sharp paws
a: Renounce Religion, Evoke Invisibility, Minor Destruction, Lesser Servant of
Makhleb, Major Destruction


You were in the Dungeon.
You worshipped Makhleb.
Makhleb was greatly pleased with you.
You visited 1 branch You collected 137 gold pieces.

Inventory:

Jewellery
 a - the amulet of invisibility (around neck) {+Inv}
   (You found it in the Dungeon)

   [amulet of nothing]

   It lets you turn invisible.
Wands
 h - a wand of random effects (16)
Scrolls
 c - a scroll of magic mapping {unknown}
 g - a scroll of blinking
 i - a scroll of fear {unknown}
 k - a scroll of fog {unknown}
Potions
 b - a potion of curing
 d - a potion of haste
 e - 2 potions of magic
 f - a potion of berserk rage
 j - a potion of cancellation {unknown}


   Skills:
 + Level 4.3 Fighting
 + Level 6.2 Dodging
 + Level 21.3 Stealth
 + Level 5.2 Unarmed Combat
 - Level 2.0 Spellcasting
 - Level 2.1 Transmutations
 + Level 14.5 Invocations


You had one spell level left.
You knew the following spells:

 Your Spells              Type           Power        Failure   Level
a - Beastly Appendage     Tmut           14%          10%         1
b - Wereblood             Tmut           7%           14%         2
c - Spider Form           Tmut/Pois      2%           41%         3
d - Blade Hands           Tmut           3%           95%         5

Your spell library contained the following spells:

 Spells                   Type           Power        Failure   Level
 Ice Form                 Ice/Tmut       4%           83%         4


Dungeon Overview and Level Annotations

Branches:
Dungeon (1/1)

Altars:
Cheibriados
Dithmenos
Elyvilon
Gozag
Hepliaklqana
Kikubaaqudgha
Makhleb
Nemelex Xobeh
Okawaru
Qazlal
Ru
Sif Muna
Trog
Uskayaw
Vehumet
Wu Jian
Xom
Yredelemnul
Zin
The Shining One
Beogh
Jiyva
Lugonu

Shops:
D *!

Annotations:
D exclusion: oklob plant, Agnes


Innate Abilities, Weirdness & Mutations

You cannot wear armour.
You are incapable of wielding weapons or throwing items.
Your paws allow you to move quietly. (Stealth)
You have sharp claws.
You have razor-sharp teeth.
You have supernaturally acute eyesight. (SInv)
You cover ground quickly.
You are covered in thick fur. (AC +2)
Your sharp claws are effective at attacking unaware monsters.
Potions are less effective at restoring your health.


Message History

Found a hardcover book.
The spriggan defender hits you with a +4 demon whip of venom!
You are poisoned.
The spriggan defender blocks your smoke demon's attack.
Your smoke demon completely misses the spriggan defender.
Your smoke demon closely misses the spriggan defender.
Found 16 gold pieces.
There is an open door, spattered with blood here.
Unknown command.
You feel sick.
The spriggan defender hits you but does no damage.
You are more poisoned.
Unknown command.
Unknown command.
You feel sick.
You feel sick.
You feel sick.
The spriggan defender hits you with a +4 demon whip of venom!!
Ouch! That really hurt!
You die...

.#...'.._._._._._..'..#
.#...#..._._._._...#..#
###'##.._._._._._..#..#
.'...#._._._._._.⌠.############
.#...###################......#
###### ##.3.3'.....(.+ ##.|+
#P.#..#.......# ..†f#
###.##'##.P....# ....#
+@i$#♣.♣######## ############
#####.....#### ...........#
###..♣..♣....#
.........P.#####.).♣.†....♣
.)......)P..........♣.....∩.i
.........P...################
##############


You could see a spriggan defender.

Vanquished Creatures
  A spriggan berserker (D)
  2 spriggans (D)
  5 oklob plants (D)
  2 burning bushes (D)
  A queen bee (D)
  A hornet (D)
  4 killer bees (D)
  5 oklob saplings (D)
  A worker ant (D)
  A river rat (D)
  A rat (D)
24 creatures vanquished.

Vanquished Creatures (others)
  A ballistomycete spore (D)
  2 fungi (D)
3 creatures vanquished.

Grand Total: 27 creatures vanquished

Notes
Turn   | Place    | Note
-------+----------+-------------------------------------------
     0 | D        | Groucho the Felid Transmuter began the quest for the Orb.
     0 | D        | Reached XP level 1. HP: 9/9 MP: 4/4
    19 | D        | Reached skill level 5 in Stealth
    19 | D        | Reached XP level 2. HP: 4/12 MP: 6/6
    21 | D        | Reached skill level 6 in Stealth
   549 | D        | Noticed an oklob sapling
   550 | D        | Killed an oklob sapling
   551 | D        | Reached skill level 9 in Stealth
   551 | D        | Reached XP level 3. HP: 15/15 MP: 7/7
   553 | D        | Found the amulet of invisibility {+Inv}
   555 | D        | Reached skill level 10 in Stealth
   579 | D        | Found an opulent altar of Gozag.
   579 | D        | Found a hazy altar of Hepliaklqana.
   579 | D        | Found a roughly hewn altar of Beogh.
   579 | D        | Found a snail-covered altar of Cheibriados.
   580 | D        | Found a viscous altar of Jiyva.
   580 | D        | Found a burning altar of Makhleb.
   580 | D        | Found a sparkling altar of Nemelex Xobeh.
   580 | D        | Found a sacrificial altar of Ru.
   580 | D        | Found a shimmering blue altar of Sif Muna.
   580 | D        | Found a bloodstained altar of Trog.
   580 | D        | Found an ornate altar of the Wu Jian Council.
   580 | D        | Found a shimmering altar of Xom.
   580 | D        | Found a basalt altar of Yredelemnul.
   580 | D        | Noticed an oklob sapling priest
   581 | D        | Found an iron altar of Okawaru.
   581 | D        | Found a shadowy altar of Dithmenos.
   581 | D        | Found a glowing silver altar of Zin.
   582 | D        | Found a hide-covered altar of Uskayaw.
   582 | D        | Found an ancient bone altar of Kikubaaqudgha.
   583 | D        | Found a stormy altar of Qazlal.
   583 | D        | Found a glowing golden altar of the Shining One.
   583 | D        | Found a white marble altar of Elyvilon.
   584 | D        | Found a radiant altar of Vehumet.
   584 | D        | Found a corrupted altar of Lugonu.
   585 | D        | Became a worshipper of Makhleb the Destroyer
   588 | D        | Killed an oklob sapling priest
   589 | D        | Reached skill level 11 in Stealth
   589 | D        | Reached XP level 4. HP: 19/19 MP: 5/8
   740 | D        | Reached skill level 12 in Stealth
   740 | D        | Reached XP level 5. HP: 22/22 MP: 6/9
   766 | D        | Gained mutation: Potions are less effective at restoring
                  | your health. [mutagenic glow]
  1045 | D        | Reached * piety under Makhleb
  1046 | D        | Reached skill level 5 in Invocations
  1390 | D        | Noticed a queen bee
  1397 | D        | Killed a queen bee
  1398 | D        | Reached skill level 14 in Stealth
  1398 | D        | Gained mutation: You are covered in thick fur. (AC +2)
                  | [Felid growth]
  1398 | D        | Reached XP level 6. HP: 25/25 MP: 8/13
  1399 | D        | Reached skill level 15 in Stealth
  1399 | D        | Reached ** piety under Makhleb
  1403 | D        | Reached XP level 7. HP: 28/28 MP: 8/15
  1404 | D        | Noticed an oklob plant
  1407 | D        | Killed an oklob plant
  1408 | D        | Reached skill level 17 in Stealth
  1408 | D        | Reached skill level 10 in Invocations
  1659 | D        | Noticed a burning bush
  1662 | D        | Killed a burning bush
  1662 | D        | Reached *** piety under Makhleb
  1663 | D        | Reached skill level 18 in Stealth
  1663 | D        | Reached XP level 8. HP: 32/32 MP: 17/17
  1676 | D        | Noticed a burning bush
  1676 | D        | Noticed an oklob plant
  1677 | D        | Noticed a wandering mushroom
  1678 | D        | Killed a burning bush
  1683 | D        | Killed an oklob plant
  1684 | D        | Reached skill level 19 in Stealth
  1693 | D        | Mangled by a wandering mushroom
  1694 | D        | Reached XP level 7. HP: -7/28 MP: 16/17
  1694 | D        | Noticed a spriggan
  1694 | D        | Noticed a spriggan rider
  1696 | D        | Killed a spriggan rider
  1696 | D        | Reached **** piety under Makhleb
  1696 | D        | Killed a hornet
  1697 | D        | Reached skill level 20 in Stealth
  1697 | D        | Reached XP level 8. HP: 32/32 MP: 17/19
  1712 | D        | Noticed a spriggan berserker
  1718 | D        | Killed a spriggan berserker
  1719 | D        | Reached XP level 9. HP: 37/37 MP: 20/20
  2122 | D        | Learned a level 2 spell: Wereblood
  2126 | D        | Learned a level 3 spell: Spider Form
  2132 | D        | Learned a level 5 spell: Blade Hands
  2135 | D        | Found Ogoebb's Assorted Antiques.
  2135 | D        | Noticed Agnes
  2136 | D        | Found Nelaiquh's Distillery.
  2141 | D        | Noticed a spriggan defender
  2141 | D        | Slain by Agnes
  2142 | D        | Reached XP level 8. HP: -1/34 MP: 19/19
  2142 | D        | Noticed an oklob plant
  2142 | D        | Noticed an oklob plant shifter
  2142 | D        | Noticed an oklob plant summoner
  2142 | D        | Killed an oklob plant shifter
  2143 | D        | Reached skill level 5 in Dodging
  2143 | D        | Reached skill level 21 in Stealth
  2143 | D        | Killed an oklob plant summoner
  2145 | D        | Killed an oklob plant
  2145 | D        | Reached ***** piety under Makhleb
  2146 | D        | Reached skill level 5 in Unarmed Combat
  2146 | D        | Reached XP level 9. HP: 39/39 MP: 20/20
  2172 | D        | Noticed an oklob plant conjurer
  2177 | D        | Demolished by a spriggan defender

Illustrated notes

Levels and vault maps discovered:
D:        dungeon_sprint_fedhas [sprint_temple]

Skill      XL: |  1  2  3  4  5  6  7  8 |
---------------+-------------------------+-----
Stealth        | 5 9 11 12 14 15 20 21 | 21.3
Invocations    | 3 4 8 9 13 14 | 14.5
Fighting       | 4 |  4.3
Dodging        | 6 |  6.2
Unarmed Combat | 5 |  5.2
Spellcasting   | |  2.0
Transmutations | |  2.1

Action                   |  1- 3 |  4- 6 |  7- 9 || total
-------------------------+-------+-------+-------++-------
Melee: Unarmed           |    13 |     7 |    18 ||    38
       Punch             |     1 |       |     1 ||     2
       Headbutt          |       |       |     1 ||     1
 Cast: Beastly Appendage |       |       |     1 ||     1
Invok: Major Destruction |       |       |     3 ||     3
       Lesser Servant of |       |       |     1 ||     1
 Abil: Evoke Invisibilit |     1 |     4 |     1 ||     6
  Use: Potion            |     1 |       |     1 ||     2
 Stab: Sleeping          |     3 |     7 |    12 ||    22
       Invisible         |       |       |     1 ||     1
Armor: Skin              |       |       |     1 ||     1
Dodge: Dodged            |     8 |       |    10 ||    18
